 Dungeon Crawl Stone Soup version 0.22-a0-271-gc000056 (webtiles) character file.

15615 grindst0ne the Party-goer (level 12, 0/67 HPs)
             Began as a Vine Stalker Fighter on Mar 10, 2018.
             Was a Believer of Uskayaw.
             Slain by a six-headed hydra (7 damage)
             ... on level 1 of the Lair of Beasts.
             The game lasted 00:23:51 (10371 turns).

grindst0ne the Party-goer (Vine Stalker Fighter)   Turns: 10371, Time: 00:23:51

Health: 0/67       AC: 13    Str: 21    XL:     12   Next: 28%
Magic:  0/21       EV:  5    Int: 11    God:    Uskayaw [**....]
Gold:   249        SH:  7    Dex: 14    Spells: 11/11 levels left

rFire    + . .     SeeInvis .   y - +2 dagger (venom)
rCold    + . .     Gourm    .   M - +1 buckler of the Evening Star {rPois rF+ Stlth+}
rNeg     . . .     Faith    .   r - +0 plate armour
rPois    +         Spirit   +   a - +0 helmet
rElec    .         Reflect  .   J - scarf {repulsion}
rCorr    .         Harm     .   (no gloves)
MR       +....                  N - +1 pair of boots
Stlth    ..........             (no amulet)
HPRegen  1.01/turn              j - ring of protection from cold
MPRegen  0.17/turn              i - +1 ring of slaying

@: drained, repel missiles
A: fangs 3, regeneration 2, magic shield, antimagic bite, no potion heal 3, rot
immunity
a: Stomp, Line Pass, Renounce Religion


You were on level 1 of the Lair of Beasts.
You worshipped Uskayaw.
Uskayaw was aware of your devotion.
You were very hungry.

You visited 3 branches of the dungeon, and saw 13 of its levels.
You also visited: Sewer and Ossuary.

You collected 578 gold pieces.
You spent 329 gold pieces at shops.

Inventory:

Hand Weapons
 y - a +2 dagger of venom (weapon)
Missiles
 P - 2 throwing nets (quivered)
Armour
 a - a +0 helmet (worn)
 h - a scarf of resistance
 r - a +0 plate armour (worn)
 H - a +2 cloak
 J - a scarf of repulsion (worn)
 M - the +1 buckler of the Evening Star (worn) {rPois rF+ Stlth+}
   (You found it on level 9 of the Dungeon)

   It protects you from fire.
   It protects you from poison.
   It makes you more stealthy.
 N - a +1 pair of boots (worn)
Jewellery
 i - a +1 ring of slaying (right hand)
 j - a ring of protection from cold (left hand)
 E - an uncursed ring of see invisible
Wands
 B - a wand of acid (3)
 C - a wand of flame (2)
 D - a wand of paralysis (15)
 I - a wand of polymorph (63)
Scrolls
 b - a scroll of fog {unknown}
 c - 2 scrolls of identify
 e - 2 scrolls of blinking
 k - 4 scrolls of fear {unknown}
 n - 5 scrolls of teleportation
 o - 5 scrolls of enchant weapon {unknown}
 q - 4 scrolls of magic mapping
 u - 8 scrolls of remove curse
 v - a scroll of noise {unknown}
 F - 3 scrolls of vulnerability {unknown}
 G - a scroll of amnesia {unknown}
 K - a scroll of immolation {unknown}
 L - a scroll of enchant armour {unknown}
Potions
 d - 3 potions of might
 g - 2 potions of brilliance
 l - 11 potions of curing
 m - 5 potions of flight
 p - a potion of resistance
 s - 3 potions of agility
 t - a potion of invisibility {unknown}
 w - a potion of experience {unknown}
 x - 4 potions of lignification
 z - 2 potions of magic
 A - a potion of mutation
 O - a potion of berserk rage {unknown}
Comestibles
 f - 21 rations


   Skills:
 + Level 10.0(8.8) Fighting
 - Level 5.0(4.0) Short Blades
 - Level 2.4(1.4) Armour
 - Level 8.6(7.4) Shields
 + Level 11.3(10.0) Invocations
 - Level 6.1(5.0) Evocations


You had 11 spell levels left.
You didn't know any spells.

Dungeon Overview and Level Annotations

Branches:
Dungeon (11/15)            Temple (1/1) D:7            Lair (1/6) D:9
    Orc (0/2) D:9

Altars:
Ashenzari
Cheibriados
Dithmenos
Elyvilon
Fedhas
Gozag
Hepliaklqana
Kikubaaqudgha
Makhleb
Nemelex Xobeh
Okawaru
Qazlal
Ru
Sif Muna
Uskayaw
Vehumet
Wu Jian
Xom
Yredelemnul
Zin
The Shining One
Beogh

Shops:
D:8 *   D:11 :


Innate Abilities, Weirdness & Mutations

You have razor-sharp teeth.
You heal very quickly.
When hurt, damage is shared between your health and your magic reserves.
Your bite disrupts and absorbs the magic of your enemies.
Potions cannot restore your health.
You are immune to rotting.


Message History

You can now pass through a line of other dancers.
You hit the six-headed hydra. You bite the six-headed hydra!
You drain its power.
You feel invigorated.
The six-headed hydra is severely wounded.
The six-headed hydra barely misses you. x2
The six-headed hydra bites you but does no damage.
The six-headed hydra completely misses you.
The six-headed hydra bites you! x2
* * * LOW HITPOINT WARNING * * *
You hit the six-headed hydra.
The six-headed hydra is severely wounded.
The six-headed hydra bites you!
* * * LOW HITPOINT WARNING * * *
The six-headed hydra bites you.
* * * LOW HITPOINT WARNING * * *
The six-headed hydra bites you but does no damage.
The six-headed hydra bites you!
* * * LOW HITPOINT WARNING * * *
The six-headed hydra bites you!
You die...

...P #.## ## #..#######.#
###...≈≈....##
#.≈≈≈≈≈≈≈≈≈..# #.
##.≈≈≈≈≈≈≈≈...# #.
#..≈≈≈≈≈≈≈≈≈≈.##
#.####.≈≈≈≈D.≈≈≈≈.....
##.......≈≈≈.@.≈≈≈≈####
#.#....##..≈≈≈≈..≈≈≈.##
.......##..≈≈≈≈≈≈≈≈≈..###
##.....#...≈≈≈≈≈≈≈......
.. #......≈≈≈≈≈≈......
###.###..###..≈≈...≈..P#
....#.....##..#≈#.##.....
.........D###..##.# ..[..
##..............#.# .


You could see a six-headed hydra.

Vanquished Creatures
  Erica (D:10)
  A two-headed ogre (D:9)
  An ugly thing (D:9)
  A cyclops (D:11)
  3 centaur zombies
  Maurice (D:9)
  Psyche (D:11)
  Joseph (D:8)
  2 gargoyles (D:11)
  2 komodo dragons
  Prince Ribbit (D:9)
  A hippogriff (D:9)
  A vampire (D:11)
  3 wyverns
  12 yaks (D:9)
  2 hungry ghosts
  Grum (D:8)
  Menkaure (D:4)
  An ice beast (D:7)
  A swamp drake (D:9)
  6 orc warriors
  6 sky beasts
  A necrophage (D:9)
  A hornet zombie (D:10)
  A phantom (D:6)
  2 centaurs
  10 ogres
  3 wolves (D:8)
  4 crocodiles
  4 big kobolds
  12 bullfrogs
  A gnoll sergeant (D:9)
  2 water moccasin zombies
  3 scorpions
  8 wights
  4 killer bees (D:7)
  6 howler monkeys
  6 crimson imps
  A bullfrog zombie (D:9)
  5 jellies
  A bullfrog skeleton (D:10)
  4 orc priests
  6 hounds
  2 iguanas
  6 worker ants
  10 orc wizards
  2 hound skeletons
  15 mummies
  A worker ant zombie (D:10)
  10 gnolls
  19 adders
  20 river rats
  A shadow imp (D:9)
  11 oozes
  2 adder skeletons
  4 dart slugs
  7 leopard geckos
  37 orcs
  8 giant cockroaches
  7 goblins
  6 hobgoblins
  3 jackals
  46 kobolds
  10 quokkas
  6 ball pythons
  7 bats
  7 frilled lizards
  A goblin skeleton (Ossuary)
  5 kobold skeletons (Ossuary)
  A kobold zombie (D:8)
  2 leopard gecko skeletons (D:4)
  2 orc skeletons (Ossuary)
  An orc zombie (D:8)
  A quokka skeleton (D:5)
  44 rats
  11 rat skeletons (Ossuary)
450 creatures vanquished.

Vanquished Creatures (others)
  A crimson imp (D:10)
  A bush (D:9)
  4 plants (Lair:1)
6 creatures vanquished.

Grand Total: 456 creatures vanquished

Notes
Turn   | Place    | Note
-------+----------+-------------------------------------------
     0 | D:1      | grindst0ne the Vine Stalker Fighter began the quest for the Orb.
     0 | D:1      | Reached XP level 1. HP: 11/11 MP: 2/2
    26 | D:1      | Reached XP level 2. HP: 15/16 MP: 1/3
   166 | D:1      | Reached XP level 3. HP: 17/20 MP: 4/4
   619 | D:2      | Found a stormy altar of Qazlal.
   657 | D:2      | Gained mutation: Your natural rate of healing is unusually fast. [Vine Stalker growth]
   657 | D:2      | Reached XP level 4. HP: 24/24 MP: 5/5
   770 | D:2      | Found a sparkling altar of Nemelex Xobeh.
  1559 | D:3      | Found a blossoming altar of Fedhas.
  1644 | D:3      | Reached XP level 5. HP: 21/29 MP: 3/6
  1661 | D:3      | Found a glowing drain.
  1687 | Sewer    | Entered a sewer
  1976 | Sewer    | Reached XP level 6. HP: 34/34 MP: 7/7
  2119 | Sewer    | Reached skill level 5 in Fighting
  2296 | D:3      | Reached skill level 5 in Shields
  2722 | D:4      | Reached XP level 7. HP: 37/39 MP: 8/8
  2838 | D:4      | Noticed Menkaure
  2847 | D:4      | Killed Menkaure
  3188 | D:4      | Found a sacrificial altar of Ru.
  3223 | D:4      | Gained mutation: You have razor-sharp teeth. [Vine Stalker growth]
  3223 | D:4      | Reached XP level 8. HP: 34/45 MP: 9/9
  3687 | D:5      | Entered Level 5 of the Dungeon
  4517 | D:5      | Found an iron altar of Okawaru.
  4676 | D:6      | Found a shattered altar of Ashenzari.
  4768 | D:6      | Reached XP level 9. HP: 51/51 MP: 10/10
  5181 | D:6      | Found a radiant altar of Vehumet.
  5182 | D:6      | Found a burning altar of Makhleb.
  5335 | D:7      | Found an ornate altar of the Wu Jian Council.
  5469 | D:7      | Found a staircase to the Ecumenical Temple.
  5577 | Temple   | Entered the Ecumenical Temple
  5627 | Temple   | Became a worshipper of Uskayaw the Reveler
  5669 | D:7      | Reached * piety under Uskayaw
  5684 | D:7      | Reached ** piety under Uskayaw
  5689 | D:7      | Reached *** piety under Uskayaw
  5691 | D:7      | Reached **** piety under Uskayaw
  5704 | D:7      | Found a sparkling altar of Nemelex Xobeh.
  5894 | D:7      | Reached skill level 1 in Evocations
  5925 | D:7      | Reached skill level 1 in Invocations
  6210 | D:8      | Noticed Joseph
  6223 | D:8      | Killed Joseph
  6223 | D:8      | Reached skill level 2 in Invocations
  6250 | D:8      | Found a sand-covered staircase.
  6259 | Ossuary  | Entered an ossuary
  6364 | Ossuary  | Reached XP level 10. HP: 48/57 MP: 11/13
  6376 | Ossuary  | Reached skill level 3 in Invocations
  6813 | D:8      | Reached skill level 5 in Evocations
  6875 | D:8      | Noticed Grum
  6881 | D:8      | Reached skill level 4 in Invocations
  6905 | D:8      | Killed Grum
  7186 | D:8      | Found Paulif's General Store.
  7193 | D:8      | Bought a scroll of identify for 30 gold pieces
  7193 | D:8      | Bought a +2 cloak for 247 gold pieces
  7193 | D:8      | Bought a scroll of magic mapping for 52 gold pieces
  7436 | D:8      | Reached skill level 5 in Invocations
  7517 | D:9      | Found a basalt altar of Yredelemnul.
  7546 | D:9      | Noticed a two-headed ogre
  7572 | D:9      | Killed a two-headed ogre
  7572 | D:9      | Reached skill level 6 in Invocations
  7659 | D:9      | Reached skill level 7 in Invocations
  7698 | D:9      | Noticed Maurice
  7710 | D:9      | Killed Maurice
  7783 | D:9      | Reached skill level 8 in Invocations
  7783 | D:9      | Reached XP level 11. HP: 52/60 MP: 15/18
  7805 | D:9      | Found a glowing silver altar of Zin.
  7950 | D:9      | Reached ***** piety under Uskayaw
  7959 | D:9      | Reached skill level 9 in Invocations
  7963 | D:9      | Reached ****** piety under Uskayaw
  8184 | D:9      | Got a distressingly furry buckler
  8195 | D:9      | Identified the +1 buckler of the Evening Star {rPois rF+ Stlth+} (You found it on level 9 of the Dungeon)
  8240 | D:9      | Reached skill level 10 in Invocations
  8352 | D:9      | Found a staircase to the Lair.
  8466 | D:9      | Found a staircase to the Orcish Mines.
  8499 | D:9      | Found a roughly hewn altar of Beogh.
  8564 | D:9      | Noticed Prince Ribbit
  8585 | D:9      | Killed Prince Ribbit
  8691 | D:10     | Entered Level 10 of the Dungeon
  8910 | D:10     | Noticed Erica
  8925 | D:10     | Killed Erica
  8970 | D:10     | Noticed a green ugly thing
  9054 | D:9      | Killed a green ugly thing
  9484 | D:11     | Noticed a cyclops
  9510 | D:11     | Gained mutation: You heal very quickly. [Vine Stalker growth]
  9510 | D:11     | Reached XP level 12. HP: 64/67 MP: 21/21
  9561 | D:11     | Found Utzeuc's Book Boutique.
  9624 | D:11     | Reached skill level 11 in Invocations
  9659 | D:11     | Noticed Psyche
  9667 | D:11     | Paralysed by Psyche for 7 turns
  9677 | D:11     | Killed Psyche
  9874 | D:11     | Reached skill level 5 in Short Blades
 10041 | D:11     | Reached skill level 10 in Fighting
 10233 | Lair:1   | Entered Level 1 of the Lair of Beasts
 10289 | Lair:1   | Noticed a six-headed hydra
 10371 | Lair:1   | Slain by a six-headed hydra

Vault maps used:
D:1:      noname_arrival_rooms_in_the_neighbourhood
D:2:      lemuel_crystal_altar, nicolae_qazlal_eye_of_the_storm,
          kennysheep_generic_room_10
D:3:      old_standard_altar, portal_sewer_entry_a, kennysheep_generic_room_8
D:4:      marbit_many_paths, first_ration, uniq_menkaure
D:5:      lemuel_ratsnest, kennysheep_crisscross,
          minmay_misc_feat_secret_circle, kennysheep_okawaru_gauntlet
D:6:      grunt_temple_overflow_lords_of_destruction, minmay_misc_feat_cross,
          ashenzari_altar_1
D:7:      lemuel_coloured_pillars_altar, temple_fountains, abandoned_shop,
          nemelex_dance_club_becter
D:8:      nicolae_ossuary_entry_giza, serial_shops, shop,
          hangedman_little_slice_of_home, uniq_grum, uniq_joseph
D:9:      kennysheep_little_box, erik_lair_dragon,
          minmay_orc_entry_temple_small, basic_altar, minmay_misc_feat_iff,
          st_stairs_1, kb_lookout_dungeons_type, uniq_prince_ribbit1,
          uniq_maurice
D:10:     serial_undead, serial_undead_c, serial_undead_f, serial_undead_c,
          serial_undead_a, uniq_erica
D:11:     serial_shops, shop_statue, uniq_psyche
Temple:   nicolae_temple_great_sept
Lair:1:   beast_lair_carwin_large_3, grunt_megastairs_5,
          minmay_lair_oklob_chamber, serial_bayou_shore_a,
          infiniplex_staircase_pool_2
Sewer:    sewer_minmay_treatment
Ossuary:  ossuary_due_small_catacomb

Skill      XL: |  1  2  3  4  5  6  7  8  9 10 11 12 |
---------------+-------------------------------------+-----
Fighting       | 3 4 5 6 7 8 9 10 | 10.0
Shields        | 3 4 5 6 7 8 |  8.6
Evocations     | 3 6 |  6.1
Invocations    | 2 8 10 11 | 11.3
Short Blades   | 4 5 |  5.0
Armour         | |  2.4

Action                   |  1- 3 |  4- 6 |  7- 9 | 10-12 || total
-------------------------+-------+-------+-------+-------++-------
Melee: Rapier            |    78 |   227 |       |       ||   305
       Bite              |    22 |    68 |   159 |   398 ||   647
       Dagger            |       |    42 |   456 |   852 ||  1350
Evoke: Wand              |       |       |       |     4 ||     4
  Use: Scroll            |       |     4 |     5 |     9 ||    18
       Potion            |       |     1 |       |       ||     1
 Stab: Paralysed         |       |       |     3 |    50 ||    53
  Eat: Chunk             |       |     6 |     9 |    16 ||    31
       Ration            |       |       |     1 |       ||     1
Armor: Scale mail        |    31 |    24 |       |       ||    55
       Plate armour      |       |   170 |   176 |   405 ||   751
Dodge: Dodged            |    24 |    53 |    47 |   173 ||   297
       Deflected         |       |       |       |     6 ||     6
Block: Shield            |    38 |   181 |   198 |   220 ||   637
       Buckler           |       |       |       |   153 ||   153

Table legend:
 A = Spawn XP
 B = Non-spawn XP
 C = Spawn XP percentage of total XP
 D = Spawn monster count
 E = Non-spawn monster count
 F = Spawn count percentage of total count
 G = Total turns spent on level
                    A         B        C        D         E        F      G
               +---------+---------+-------+---------+---------+-------+---------
         Total |       0 |   22308 |   0.0 |       0 |     451 |   0.0 | 10371
               +---------+---------+-------+---------+---------+-------+---------
           D:1 |       0 |      70 |   0.0 |       0 |      34 |   0.0 |   570
           D:2 |       0 |      66 |   0.0 |       0 |      21 |   0.0 |   830
           D:3 |       0 |      95 |   0.0 |       0 |      24 |   0.0 |   673
           D:4 |       0 |     878 |   0.0 |       0 |      36 |   0.0 |  1054
           D:5 |       0 |     516 |   0.0 |       0 |      43 |   0.0 |   847
           D:6 |       0 |     708 |   0.0 |       0 |      10 |   0.0 |   720
           D:7 |       0 |    1436 |   0.0 |       0 |      25 |   0.0 |   868
           D:8 |       0 |    2594 |   0.0 |       0 |      42 |   0.0 |   967
           D:9 |       0 |    8413 |   0.0 |       0 |      77 |   0.0 |  1534
          D:10 |       0 |    2686 |   0.0 |       0 |      37 |   0.0 |   534
          D:11 |       0 |    3798 |   0.0 |       0 |      19 |   0.0 |   725
        Lair:1 |       0 |     472 |   0.0 |       0 |       2 |   0.0 |    92
         Sewer |       0 |     307 |   0.0 |       0 |      48 |   0.0 |   560
       Ossuary |       0 |     269 |   0.0 |       0 |      33 |   0.0 |   336
               +---------+---------+-------+---------+---------+-------+---------
